 Dungeon Crawl Stone Soup version 0.32-a0-132-g2d33c3cfaf (webtiles) character file.

Game seed: 13784978802123722424

332 SmokeWeed the Magician (level 6, -8/28 HPs)
             Began as a Spriggan Conjurer on Feb 10, 2024.
             Mangled by Blork the orc
             ... wielding a +0 scimitar
              (12 damage)
             ... on level 4 of the Dungeon.
             The game lasted 00:06:26 (3936 turns).

SmokeWeed the Magician (Spriggan Conjurer)          Turns: 3936, Time: 00:06:26

Health: -8/28      AC:  5    Str:  3    XL:     6   Next: 26%
Magic:  5/15       EV: 17    Int: 22    God:
Gold:   242        SH:  0    Dex: 13    Spells: 6/16 levels left

rFire   . . .        e - +2 dagger (venom)
rCold   . . .        (no shield)
rNeg    . . .        a - +0 robe
rPois   .            (helmet restricted)
rElec   .            c - +2 cloak
rCorr   .            (gloves unavailable)
SInv    +            (boots unavailable)
Will    +....        (no amulet)
Stlth   +++          (no ring)
HPRegen 0.24/turn    (no ring)
MPRegen 0.14/turn

%: no passive effects
@: studying Stealth, very quick
A: very small, no large weapons, unfitting armour, see invisible, speed 3
a: no special abilities


You were on level 4 of the Dungeon.
You visited 1 branch of the dungeon, and saw 4 of its levels.

You collected 242 gold pieces.

Inventory:

Hand Weapons
 e - a +2 dagger of venom (weapon)
Missiles
 f - 13 poisoned darts
Armour
 a - a +0 robe (worn)
 c - a +2 cloak (worn)
Scrolls
 j - 3 scrolls of teleportation
 l - a scroll of identify
 o - a scroll of fear
 p - a scroll of summoning {unknown}
 q - a scroll of revelation {unknown}
Potions
 b - a potion of magic
 d - a potion of attraction {unknown}
 h - a potion of degeneration {unknown}
 i - a potion of curing {unknown}
 k - a potion of brilliance
 m - 2 potions of heal wounds {unknown}
 n - a potion of might {unknown}


   Skills:
 + Level 0.1 Fighting
 + Level 0.3 Short Blades
 + Level 3.1 Dodging
 + Level 4.5 Stealth
 + Level 0.1 Unarmed Combat
 + Level 5.6 Spellcasting
 + Level 4.1 Conjurations
 * Level 1.7 Translocations


You had 6 spell levels left.
You knew the following spells:

 Your Spells              Type           Power      Damage    Failure   Level
a - Magic Dart            Conj           96%        1d7       1%          1
b - Searing Ray           Conj           48%        2d6       2%          2
c - Iskenderun's Mystic   Conj/Tloc      19%        2d6       28%         4
d - Hailstorm             Conj/Ice       15%        3d6       12%         3

Your spell library contained the following spells:

 Spells                   Type           Power      Damage    Failure   Level
 Freeze                   Ice            24%        1d4       10%         1
 Sandblast                Erth           12%        2d6       10%         1
 Stone Arrow              Conj/Erth      30%        3d8       12%         3
 Frozen Ramparts          Ice            12%        1d2       28%         3
 Passwall                 Erth           6%         N/A       28%         3
 Brom's Barrelling Bould  Conj/Erth      15%        2d4       38%         4
 Fulminant Prism          Conj/Alch      7%         3d7       38%         4


Dungeon Overview and Level Annotations

Branches:
Dungeon (4/15)
 Temple: D:4-7

Altars:

Shops:
D:1 !:   D:4 =

Annotations:
D:4 Blork the orc


Innate Abilities, Weirdness & Mutations

You are very small and have problems with some larger weapons.
You are too small for most types of armour.
You have supernaturally acute eyesight. (SInv)
You cover ground extremely quickly. (Speed+++)


Message History

The orc is severely wounded. (Press . to maintain the ray.)
The searing ray misses the orc.
The searing ray hits the orc.
You kill the orc!
Blork the orc gestures at you while chanting.
The puff of flame hits you!
The searing ray misses Blork the orc. (Press . to maintain the ray.)
The searing ray hits Blork the orc!
Blork the orc is moderately wounded.
The searing ray hits Blork the orc!
Blork the orc is heavily wounded.
Blork the orc gestures wildly while chanting.
Blork the orc seems to speed up.
Blork the orc screams, "I'll decorate my home with your organs!"
Blork the orc gestures at you while chanting.
The puff of frost hits you!
Blork the orc gestures at you while chanting.
The magic dart hits you!
* * * LOW HITPOINT WARNING * * *
You are too injured to fight recklessly!
Okay, then.
Aiming: Polymorph
Press: ? - help, Q - select action, (/) - cycle Shift-Dir - straight line, f/p - Blork the orc
Aim: Blork the orc, wielding a +0 scimitar and wearing a +0 robe (heavily wounded, fast, will become a giant cockroach, an endoplasm, or a hound, chance to affect: 49%) Blork the orc resists with some effort.
The now-empty wand crumbles to dust.
Aiming: Searing Ray (safe; 2% risk of failure)
Press: ? - help, Q - select action, (/) - cycle Shift-Dir - straight line, f/p - Blork the orc
Aim: Blork the orc, wielding a +0 scimitar and wearing a +0 robe (heavily wounded, fast, 82% to hit)
The searing ray hits Blork the orc but does no damage.
Blork the orc is heavily wounded. (Press . to maintain the ray.)
The searing ray hits Blork the orc.
Blork the orc is severely wounded.
The searing ray hits Blork the orc.
Blork the orc is severely wounded.
Blork the orc closely misses you.
Blork the orc hits you with a +0 scimitar!
You die...

####.##### ##.## ###.# ..# #.#
#.# #.... #.# #.# #.# #.#.# #.#
#.###### ##+## #.#.. #.# #......#
##...## #.### #o#
#.#.##.#####.....## #....
#.###.##.......#.......## ##.###
#.##.###....##..........####...##
)..............o@.......'..)....#
####.##....###.>........####...##
##.#...## #.#.......## ##.###
##...## #.##.....## #....
##........###...## #.###
#.######## ##'## #.# #.# #.# #.#
#.# #.# .# #.# ##.##


You could see Blork the orc (fast).

Vanquished Creatures
  Sigmund (D:3)
  A hound (D:4)
  2 iguanas (D:4)
  4 adders
  A dart slug (D:2)
  4 orcs (D:4)
  3 bats
  4 endoplasms
  5 giant cockroaches
  5 goblins
  4 hobgoblins
  2 quokkas (D:1)
  A ball python (D:4)
  4 frilled lizards
  4 kobolds
  4 rats
49 creatures vanquished.

Notes
Turn   | Place    | Note
-------+----------+-------------------------------------------
     0 | D:1      | SmokeWeed the Spriggan Conjurer began the quest for the
                  | Orb.
     0 | D:1      | Reached XP level 1. HP: 9/9 MP: 5/5
   180 | D:1      | Reached skill level 3 in Spellcasting
   471 | D:1      | Found Recis's Distillery.
   532 | D:1      | Reached XP level 2. HP: 13/13 MP: 5/7
   535 | D:1      | Learned a level 2 spell: Searing Ray
   557 | D:1      | Found Qipewum's Book Emporium.
  1426 | D:2      | Reached XP level 3. HP: 16/16 MP: 2/9
  1647 | D:2      | Reached skill level 4 in Spellcasting
  1966 | D:2      | Found the +7 Kryia's mail coat {PotionHeal*2 rC+}
  2227 | D:3      | Reached XP level 4. HP: 18/21 MP: 8/11
  2343 | D:3      | Noticed Sigmund
  2384 | D:3      | Killed Sigmund
  2385 | D:3      | Reached skill level 5 in Spellcasting
  2385 | D:3      | Reached XP level 5. HP: 16/24 MP: 5/13
  2905 | D:3      | Learned a level 4 spell: Iskenderun's Mystic Blast
  2977 | D:3      | Learned a level 3 spell: Hailstorm
  3115 | D:4      | Found Ofugyal's Jewellery Shop.
  3265 | D:4      | Reached XP level 6. HP: 25/28 MP: 7/15
  3413 | D:4      | Reached skill level 1 in Translocations
  3908 | D:4      | Noticed Blork the orc
  3936 | D:4      | Mangled by Blork the orc

Illustrated notes

Levels and vault maps discovered:
D:1:      erik_arrival_blinker_ship, layout_loops_corners, serial_shops, shop,
          shop, serial_rivers, chequers_serial_rivers_room_b,
          chequers_serial_rivers_room_a, chequers_serial_rivers_marsh,
          chequers_serial_rivers_marsh
D:2:      layout_rooms, fountainhead, kennysheep_generic_room_6
D:3:      minmay_spotlight, layout_loops_ring, nicolae_elevator_lobby_asterisk,
          uniq_sigmund
D:4:      layout_loops_corners, serial_shops, shop, minmay_manual_mess,
          uniq_blork_the_orc

Skill      XL: |  1  2  3  4  5  6 |
---------------+-------------------+-----
Spellcasting   | 3 4 5 |  5.6
Conjurations   | 3 4 |  4.1
Dodging        | 3 |  3.1
Stealth        | 4 |  4.5
Translocations | 1 |  1.7
Fighting       | |  0.1
Short Blades   | |  0.3
Unarmed Combat | |  0.1

Action                     |  1- 3 |  4- 6 || total
---------------------------+-------+-------++-------
  Melee: Unarmed           |    19 |       ||    19
         Dagger            |     5 |     3 ||     8
  Throw: Dart              |       |     1 ||     1
   Cast: Magic Dart        |    72 |    26 ||    98
         Searing Ray       |       |    16 ||    16
  Evoke: Wand              |       |     1 ||     1
    Use: Potion            |     1 |       ||     1
         Scroll            |     5 |       ||     5
 Armour: Robe              |     9 |    13 ||    22
  Dodge: Dodged            |    29 |    16 ||    45

Table legend: (Time is in decaauts)
 A = Elapsed time spent in this place.
 B = Non-inter-level travel time spent in this place.
 C = Inter-level travel time spent in this place.
 D = Time resting spent in this place.
 E = Time spent auto-exploring this place.
 F = Levels seen in this place.
 G = Mean time per level.
                   A        B        C        D        E       F      G
               +--------+--------+--------+--------+--------+-----+--------+
         Total |   2941 |   2885 |     56 |     69 |   2460 |   4 |  735.2 |
       Dungeon |   2941 |   2885 |     56 |     69 |   2460 |   4 |  735.2 |
               +--------+--------+--------+--------+--------+-----+--------+

Top non-repeatable levels by time:
     D:1: 907 daAuts
     D:2: 705 daAuts
     D:3: 679 daAuts
     D:4: 649 daAuts
